 Dungeon Crawl Stone Soup version 0.26-a0-712-ga5a9c9c9d0 (webtiles) character file.

Game seed: 18027446610677486433

14584 qwer1234 the Fighter (level 12, 0/110 HPs)
             Began as a Ghoul Fighter on Nov 1, 2020.
             Was a Priest of Qazlal.
             Slain by a troll (4 damage)
             ... on level 11 of the Dungeon.
             The game lasted 00:32:15 (11959 turns).

qwer1234 the Fighter (Ghoul Fighter)               Turns: 11959, Time: 00:32:16

Health: 0/110      AC: 21    Str: 25    XL:     12   Next: 18%
Magic:  27/27      EV:  8    Int:  8    God:    Qazlal [***...]
Gold:   558        SH: 14    Dex:  8    Spells: 19/19 levels left

rFire    . . .     SeeInvis .   t - +0 broad axe (flame)
rCold    + . .     Faith    .   c - +0 kite shield
rNeg     + + +     Spirit   .   n - +4 chain mail {rPois}
rPois    ∞         Reflect  .   p - +3 hat of Pondering {ponderous, MR+ MP+10 Int+5}
rElec    .         Harm     .   u - +1 cloak {Stlth+}
rCorr    .         Rampage  .   (no gloves)
MR       ++...                  q - +1 pair of boots
Stlth    ..........             (no amulet)
HPRegen  0.00/turn              m - ring of wizardry
MPRegen  0.20/turn              d - ring of protection from magic

@: slow
A: rotting body, claws 1, cold resistance 1, negative energy resistance 3,
inhibited regeneration, torment resistance, unbreathing
a: Upheaval, Elemental Force, Renounce Religion


You were on level 11 of the Dungeon.
You worshipped Qazlal.
Qazlal was most pleased with you.
You visited 1 branch of the dungeon, and saw 11 of its levels.

You collected 558 gold pieces.

Inventory:

Hand Weapons
 r - a +7 battleaxe
 s - a +1 whip of draining
 t - a +0 broad axe of flaming (weapon)
Armour
 c - a +0 kite shield (worn)
 n - a +4 chain mail of poison resistance (worn)
 p - the +3 hat of Pondering (worn) {ponderous, MR+ MP+10 Int+5}
   (You found it on level 9 of the Dungeon)

   It affects your intelligence (+5).
   It affects your resistance to hostile enchantments.
   It affects your magic capacity (+10).
 q - a +1 pair of boots (worn)
 u - a +1 cloak of stealth (worn)
Jewellery
 d - a ring of protection from magic (right claw)
 m - a ring of wizardry (left claw)
Wands
 o - a wand of digging (7)
 v - a wand of paralysis (6)
Scrolls
 e - 6 scrolls of teleportation
 g - a scroll of magic mapping
 h - 5 scrolls of remove curse
 i - 4 scrolls of enchant armour
 j - 11 scrolls of identify
Potions
 b - 3 potions of flight
 f - 7 potions of curing
 k - 3 potions of stabbing
Miscellaneous
 a - a tin of tremorstones (inert)


   Skills:
 * Level 11.1 Fighting
 * Level 9.2 Axes
 * Level 6.0 Armour
 + Level 4.5 Dodging
 - Level 2.0 Stealth
 + Level 5.5 Shields
 + Level 5.5 Unarmed Combat
 + Level 4.1 Spellcasting
 + Level 5.6 Invocations
 + Level 3.2 Evocations


You had 19 spell levels left.
You didn't know any spells.
Your spell library contained the following spells:

 Spells                   Type           Power        Failure   Level
 Animate Skeleton         Necr           #.....       90%         1
 Apportation              Tloc           #.....       90%         1
 Corona                   Hex            #......      90%         1
 Magic Dart               Conj           #...         90%         1
 Summon Small Mammal      Summ           #...         90%         1
 Searing Ray              Conj           #.....       96%         2
 Dazzling Flash           Conj/Hex       #.....       99%         3
 Fulminant Prism          Conj/Hex       #.........   100%        4
 Iskenderun's Mystic Bla  Conj/Tloc      #.......     100%        4


Dungeon Overview and Level Annotations

Branches:
Dungeon (11/15)            Temple (0/1) D:7            Lair (0/6) D:8
    Orc: D:9-12

Altars:
Ashenzari
Dithmenos
Elyvilon
Fedhas
Makhleb
Nemelex Xobeh
Qazlal
Ru
Trog
Uskayaw
Xom

Shops:
D:5 =   D:7 !   D:9 (   D:10 (

Annotations:
D:4 exclusion: oklob plant


Innate Abilities, Weirdness & Mutations

Your body is rotting away.
You thrive by killing the living.
You are immune to poison.
You have sharp fingernails.
Your flesh is cold resistant. (rC+)
You are immune to negative energy. (rN+++)
You do not regenerate when monsters are visible.
You are immune to unholy pain and torment.
You can survive without breathing.


Message History

You hear a shout!
You hear a loud, deep croak!
You hear a shout!
You hear a roar!
You hear a shout! x2
You start resting.
You hear a shout!
A troll comes into view.
A troll is nearby!
A troll is nearby!
A troll is nearby!
You closely miss the troll. You block the troll's attack. x2
The troll claws you!
* * * LOW HITPOINT WARNING * * *
You slice the troll!! You burn the troll.
The troll is severely wounded.
You block the troll's attack. The troll claws you but does no damage.
The troll barely misses you.
You hit the troll. You burn the troll.
The troll is severely wounded.
The troll bites you but does no damage. You block the troll's attack.
The troll claws you.
You die...

.....# ....... .
##.... .......
.. #...# ...[...
... ##.#.#####
.......
....##.........
.......
............o..#
......o
.....##.........
....... >.).
#T.......#
#...... ...
#@....o..#
##...B. ..
#§.......#
##...# #
#........# ####
##########


You could see a troll and 2 orc wizards.

Vanquished Creatures
  Harold (D:10)
  Erica (D:10)
  5 two-headed ogres
  Sonja (D:10)
  Pikel (D:5)
  A cyclops (D:11)
  Maurice (D:8)
  2 gargoyles (D:10)
  Psyche (D:10)
  A centaur skeleton (D:10)
  Maggie (D:10)
  A komodo dragon (D:11)
  3 trolls
  Prince Ribbit (D:5)
  2 yaks
  2 wargs
  Duvessa (D:7)
  An orc warrior (D:8)
  5 ice beasts
  3 phantoms
  2 sky beasts
  2 ogres
  2 hornet zombies
  3 black bears (D:6)
  3 necrophages
  2 eyes of draining (D:10)
  A big kobold (D:10)
  4 bullfrogs
  A water moccasin zombie (D:10)
  7 scorpions
  Dowan (D:7)
  13 wights
  3 killer bees (D:7)
  2 howler monkeys
  2 bullfrog zombies (D:8)
  2 centaur zombies
  An orc priest (D:8)
  A hound (D:5)
  3 jellies
  8 orc wizards
  4 worker ants
  A hound skeleton (D:8)
  12 adders
  2 shadow imps
  4 white imps
  2 ufetubi
  An adder zombie (D:7)
  2 adder skeletons
  8 worms
  A dart slug (D:1)
  3 leopard geckos
  31 orcs
  8 bats
  6 giant cockroaches
  A goblin (D:3)
  9 hobgoblins
  8 jackals
  7 kobolds
  2 quokkas
  3 ball pythons
  5 frilled lizards
  A leopard gecko zombie (D:6)
  A quokka skeleton (D:7)
  4 rats
224 creatures vanquished.

Vanquished Creatures (collateral kills)
  A two-headed ogre (D:11)
  An ugly thing (D:11)
  A hornet (D:11)
3 creatures vanquished.

Vanquished Creatures (others)
  3 plants (D:8)
3 creatures vanquished.

Grand Total: 230 creatures vanquished

Notes
Turn   | Place    | Note
-------+----------+-------------------------------------------
     0 | D:1      | qwer1234 the Ghoul Fighter began the quest for the Orb.
     0 | D:1      | Reached XP level 1. HP: 19/19 MP: 0/0
   516 | D:1      | Reached XP level 2. HP: 24/26 MP: 1/1
  1058 | D:2      | Reached XP level 3. HP: 33/33 MP: 2/2
  1069 | D:2      | Reached skill level 4 in Fighting
  1616 | D:2      | Found a hide-covered altar of Uskayaw.
  1763 | D:3      | Reached XP level 4. HP: 37/41 MP: 3/3
  1967 | D:3      | Lost intelligence.
  2078 | D:3      | Reached XP level 5. HP: 38/47 MP: 4/4
  2306 | D:3      | Reached skill level 5 in Fighting
  2944 | D:4      | Noticed an ogre
  2952 | D:4      | Killed an ogre
  2952 | D:4      | Reached XP level 6. HP: 38/57 MP: 5/5
  3775 | D:4      | Found a blossoming altar of Fedhas.
  3785 | D:4      | Noticed an oklob plant
  4000 | D:5      | Entered Level 5 of the Dungeon
  4000 | D:5      | Found a glowing drain.
  4084 | D:5      | Found a stormy altar of Qazlal.
  4117 | D:5      | Noticed Pikel
  4130 | D:5      | Noticed Prince Ribbit
  4162 | D:5      | Killed Pikel
  4162 | D:5      | Reached skill level 7 in Fighting
  4162 | D:5      | Reached skill level 5 in Axes
  4162 | D:5      | Reached XP level 7. HP: 27/66 MP: 6/6
  4765 | D:5      | Killed Prince Ribbit
  4765 | D:5      | Reached XP level 8. HP: 31/74 MP: 7/7
  4769 | D:5      | Became a worshipper of Qazlal Stormbringer
  5110 | D:5      | Found Nuplaysch's Jewellery Shop.
  5451 | D:6      | Found a burning altar of Makhleb.
  5453 | D:6      | Found a bloodstained altar of Trog.
  5475 | D:6      | Reached skill level 1 in Stealth
  5475 | D:6      | Reached skill level 1 in Unarmed Combat
  5618 | D:6      | Reached skill level 8 in Fighting
  5618 | D:6      | Reached skill level 1 in Invocations
  5637 | D:6      | Reached skill level 1 in Dodging
  5642 | D:6      | Reached skill level 1 in Spellcasting
  5876 | D:6      | Found a broken altar of Ashenzari.
  5925 | D:6      | Reached * piety under Qazlal
  5987 | D:6      | Reached XP level 9. HP: 82/82 MP: 9/9
  6157 | D:7      | Found a staircase to the Ecumenical Temple.
  6249 | D:7      | Noticed Duvessa
  6279 | D:7      | Noticed Dowan
  6286 | D:7      | Killed Dowan
  6289 | D:7      | Killed Duvessa
  6659 | D:7      | Found Momyn's Distillery.
  6900 | D:8      | Found a staircase to the Lair.
  6901 | D:8      | Noticed a two-headed ogre
  7244 | D:8      | Reached skill level 9 in Fighting
  7284 | D:8      | Reached ** piety under Qazlal
  7325 | D:9      | Reached XP level 10. HP: 21/91 MP: 8/12
  8213 | D:9      | Found Agroam's Weapon Boutique.
  8318 | D:9      | Found the +3 hat of Pondering {ponderous, MR+ MP+10 Int+5}
  8402 | D:9      | Found a sacrificial altar of Ru.
  8600 | D:9      | Found a shimmering altar of Xom.
  8617 | D:9      | Found a shadowy altar of Dithmenos.
  8628 | D:9      | Found a sparkling altar of Nemelex Xobeh.
  9257 | D:9      | Found a white marble altar of Elyvilon.
  9329 | D:8      | Noticed Maurice
  9358 | D:8      | Killed Maurice
  9634 | D:8      | Noticed a two-headed ogre
  9636 | D:8      | Paralysed by an orc wizard for 5 turns
  9645 | D:8      | Killed a two-headed ogre
  9645 | D:8      | Reached skill level 10 in Fighting
  9645 | D:8      | Reached skill level 1 in Evocations
  9650 | D:8      | Noticed a two-headed ogre
  9878 | D:8      | Killed a two-headed ogre
  9878 | D:8      | Reached XP level 11. HP: 41/99 MP: 14/14
 10177 | D:8      | Killed a two-headed ogre
 10593 | D:10     | Entered Level 10 of the Dungeon
 10751 | D:10     | Noticed Erica
 10814 | D:10     | Killed Erica
 11015 | D:10     | Noticed a two-headed ogre
 11022 | D:10     | Killed a two-headed ogre
 11022 | D:10     | Reached skill level 5 in Armour
 11022 | D:10     | Reached skill level 5 in Invocations
 11023 | D:10     | Noticed Harold
 11044 | D:10     | Killed Harold
 11044 | D:10     | Reached skill level 5 in Shields
 11052 | D:10     | Reached *** piety under Qazlal
 11053 | D:10     | Noticed Maggie
 11061 | D:10     | Killed Maggie
 11080 | D:10     | Reached skill level 5 in Unarmed Combat
 11376 | D:10     | Noticed Psyche
 11376 | D:10     | Noticed Sonja
 11381 | D:10     | Killed Psyche
 11388 | D:10     | Killed Sonja
 11585 | D:10     | Found Ixayno's Antique Weapon Shop.
 11828 | D:11     | Noticed a two-headed ogre
 11835 | D:11     | Killed a two-headed ogre
 11851 | D:11     | Reached XP level 12. HP: 84/108 MP: 16/16
 11852 | D:11     | Reached skill level 11 in Fighting
 11872 | D:11     | Noticed a two-headed ogre
 11873 | D:11     | Noticed a two-headed ogre
 11876 | D:11     | Killed a two-headed ogre
 11933 | D:11     | Noticed a boulder beetle
 11933 | D:11     | HP: 5/110 [boulder beetle (8)]
 11941 | D:11     | Noticed a five-headed hydra
 11957 | D:11     | HP: 4/110 [troll (10)]
 11959 | D:11     | Slain by a troll

Illustrated notes

Levels and vault maps discovered:
D:1:      lightli_arrival_statuegarden, layout_basic
D:2:      layout_rooms, lemuel_round_altar, grunt_ministairs_15
D:3:      layout_basic
D:4:      layout_basic, tgw_fedhas
D:5:      layout_basic, basic_altar, serial_shops, shop, portal_sewer_entry_a,
          uniq_prince_ribbit1, uniq_pikel
D:6:      layout_rooms, kennysheep_little_box, bloody_makhleb,
          trog_ov_bears_minmay
D:7:      layout_cave_pools, minmay_temple_entry_slanted, serial_shops,
          nicolae_shop_competitors_out_of_business, uniq_duvessa
D:8:      layout_basic, erik_lair_orcish_takeover, uniq_maurice
D:9:      layout_basic, nicolae_overflow_quartered_altars,
          nicolae_ru_great_annihilating_truth, serial_shops, shop, minmay_puff
D:10:     layout_roguey, serial_shops, shop_statue, uniq_erica, uniq_psyche,
          uniq_sonja, uniq_maggie, uniq_harold
D:11:     layout_rooms, st_stairs_13

Skill      XL: |  1  2  3  4  5  6  7  8  9 10 11 12 |
---------------+-------------------------------------+-----
Axes           | 2 3 4 5 6 7 8 9 |  9.2
Fighting       | 4 5 7 8 9 10 11 | 11.1
Stealth        | 2 |  2.0
Unarmed Combat | 1 3 4 5 |  5.5
Invocations    | 1 3 4 5 |  5.6
Armour         | 3 4 5 6 |  6.0
Shields        | 3 4 5 |  5.5
Dodging        | 1 2 3 4 |  4.5
Spellcasting   | 1 2 3 4 |  4.1
Evocations     | 1 3 |  3.2

Action                   |  1- 3 |  4- 6 |  7- 9 | 10-12 || total
-------------------------+-------+-------+-------+-------++-------
Melee: War axe           |    32 |       |   218 |     2 ||   252
       Hand axe          |    71 |   114 |    25 |       ||   210
       Battleaxe         |       |       |       |   149 ||   149
       Broad axe         |       |       |       |    81 ||    81
Invok: Upheaval          |       |       |     1 |       ||     1
       Elemental Force   |       |       |       |     1 ||     1
Evoke: Tin of tremorston |       |       |       |     4 ||     4
       Wand              |       |       |       |     4 ||     4
  Use: Potion            |     2 |     9 |     3 |     5 ||    19
       Scroll            |       |     9 |     3 |     8 ||    20
 Stab: Invisible         |       |     3 |       |       ||     3
       Paralysed         |       |       |       |     4 ||     4
Armor: Scale mail        |    55 |    11 |       |       ||    66
       Plate armour      |       |    48 |   227 |   108 ||   383
       Chain mail        |       |       |       |    66 ||    66
Dodge: Dodged            |    41 |    18 |    70 |    92 ||   221
       Repelled          |       |       |     1 |     1 ||     2
Block: Kite shield       |    64 |    61 |   190 |   107 ||   422
       Other             |       |       |       |    19 ||    19

Table legend: (Time is in decaauts)
 A = Elapsed time spent in this place.
 B = Non-inter-level travel time spent in this place.
 C = Inter-level travel time spent in this place.
 D = Time resting spent in this place.
 E = Time spent auto-exploring this place.
 F = Levels seen in this place.
 G = Mean time per level.
                   A        B        C        D        E       F      G
               +--------+--------+--------+--------+--------+-----+--------+
         Total |  12755 |  11798 |    957 |   2051 |   7116 |  11 | 1159.5 |
       Dungeon |  12755 |  11798 |    957 |   2051 |   7116 |  11 | 1159.5 |
               +--------+--------+--------+--------+--------+-----+--------+

Top non-repeatable levels by time:
     D:9: 2160 daAuts
     D:4: 1740 daAuts
     D:3: 1625 daAuts
     D:8: 1421 daAuts
    D:10: 1279 daAuts
     D:7: 1069 daAuts
     D:1: 979 daAuts
     D:5: 888 daAuts
     D:2: 755 daAuts
     D:6: 687 daAuts
    D:11: 148 daAuts
